 Dungeon Crawl Stone Soup version 0.18-a0-1243-g9e52518 (webtiles) character file.

229 Lathuz the Ruffian (level 5, -7/50 HPs)
             Began as a Troll Monk on Feb 5, 2016.
             Killed from afar by an orc wizard (11 damage)
             ... with a puff of flame
             ... on level 3 of the Dungeon.
             The game lasted 00:06:59 (1903 turns).

Lathuz the Ruffian (Troll Monk)                     Turns: 1903, Time: 00:06:59

Health: -7/50      AC:  6    Str: 19    XL:     5   Next: 71%
Magic:  4/4        EV: 10    Int:  6    God:
Gold:   109        SH:  0    Dex: 13    Spells: 0 memorised, 4 levels left

rFire  . . .     SeeInvis .       - Unarmed
rCold  . . .     Gourm    +     o - +1 robe
rNeg   . . .     Faith    .     (no shield)
rPois  .         Spirit   .     (helmet restricted)
rElec  .         Dismiss  .     (no cloak)
rCorr  .         Reflect  .     (gloves unavailable)
SustAt .         Harm     .     (boots unavailable)
MR     .....                    (no amulet)
Stlth  +.........               (no ring)
                                (no ring)

@: not resistant to hostile enchantments, very unstealthy
A: unfitting armour, claws 3, fast metabolism 3, gourmand, regeneration 2,
shaggy fur 1, tough skin 2
a: no special abilities


You were on level 3 of the Dungeon.
You were completely stuffed.

You visited 1 branch of the dungeon, and saw 3 of its levels.

You collected 109 gold pieces.

Inventory:

Missiles
 d - a throwing net (quivered)
 j - 6 tomahawks
 n - 62 stones
Armour
 a - a +0 robe
 o - a +1 robe (worn)
Jewellery
 c - an uncursed ring of protection from magic {unknown}
Scrolls
 e - a scroll of teleportation {unknown}
 f - 2 scrolls of remove curse {unknown}
 h - a scroll of enchant weapon {unknown}
 k - a scroll of magic mapping {unknown}
 m - a scroll of noise {unknown}
 q - 7 scrolls of identify {unknown}
 r - 2 scrolls of amnesia {unknown}
 t - 2 scrolls of blinking {unknown}
 v - a scroll of fog {unknown}
Potions
 g - a potion of curing {unknown}
 s - a potion of brilliance {unknown}
 u - a potion of ambrosia {unknown}
 x - a potion of invisibility {unknown}
Comestibles
 b - 4 bread rations
 l - 2 royal jellies
 p - a slice of pizza
 w - 5 fruits


   Skills:
 - Level 2.4 Fighting
 - Level 2.4 Dodging
 - Level 1.1 Stealth
 + Level 7.1 Unarmed Combat


You had 4 spell levels left.
You didn't know any spells.

Dungeon Overview and Level Annotations

Branches:
Dungeon (3/15)

Altars:
Kikubaaqudgha


Innate Abilities, Weirdness & Mutations

You are too large for most types of armour.
You have claws for hands.
Your metabolism is lightning-fast.
You like to eat raw meat.
You heal very quickly.
You are covered in fur (AC +1).
You have very tough skin (AC +2).


Message History

You hear some strange, mumbled words.
A puff of flame appears from out of thin air!
The puff of flame hits you! Something hits you but does no damage.
The orc hits you but does no damage.
You barely miss something.
You hear some strange, mumbled words.
A puff of flame appears from out of thin air!
The puff of flame hits you!
* * * LOW HITPOINT WARNING * * *
The orc closely misses you.
You closely miss something. Something hits you but does no damage.
You miss something.
The orc hits you from afar with a trident.
* * * LOW HITPOINT WARNING * * *
You hear some strange, mumbled words.
Something tries to affect you, but you resist.
You hear some strange, mumbled words.
A puff of flame appears from out of thin air!
The puff of flame hits you!
You die...

..# # ##.##.#
#)[)..##.......#
#.# #.......#
#)#####.......#
#..ro##.......#
####.##.......#
#.##.......#
###@#........#
#......#..##.###
#.#.#.#.........
#..##.##...#.###
#.#.#.#..#.#.#
#......#.....# #
## ########
#####.##>#.#.# #
.# ##......#
#.)....#.# #
.###...###.#
####...#.# #


You could see an orc and a rat.

Vanquished Creatures
  An orc priest (D:3)
  3 orc wizards (D:3)
  Jessica (D:2)
  2 adders
  A worm (D:2)
  7 orcs (D:3)
  9 bats
  4 giant cockroaches
  5 hobgoblins
  8 jackals
  4 kobolds
  A quokka (D:3)
  A ball python (D:1)
  4 giant newts
  7 goblins
  8 rats
66 creatures vanquished.

Notes
Turn   | Place    | Note
--------------------------------------------------------------
     0 | D:1      | Lathuz the Troll Monk began the quest for the Orb.
     0 | D:1      | Reached XP level 1. HP: 22/22 MP: 0/0
   144 | D:1      | Reached XP level 2. HP: 27/29 MP: 1/1
   812 | D:2      | Noticed Jessica
   822 | D:2      | Killed Jessica
   822 | D:2      | Reached skill level 5 in Unarmed Combat
   822 | D:2      | Reached XP level 3. HP: 34/36 MP: 2/2
   898 | D:2      | Found an ancient bone altar of Kikubaaqudgha.
   981 | D:2      | Reached XP level 4. HP: 31/44 MP: 3/3
  1108 | D:2      | Found a faded altar to an unknown god.
  1454 | D:3      | Reached skill level 6 in Unarmed Combat
  1503 | D:3      | Reached XP level 5. HP: 48/50 MP: 4/4
  1867 | D:3      | Reached skill level 7 in Unarmed Combat
  1903 | D:3      | Killed from afar by an orc wizard

Vault maps used:
D:1:      dpeg_arrival_simpleton_b, minmay_crystal_water
D:2:      nicolae_overflow_hidden_temple, ecumenical_altar_1, uniq_jessica
D:3:      grunt_temple_overflow_diamond, first_bread, bloody_trog

Action                   |  1- 3 |  4- 6 || total
-------------------------+-------+-------++-------
Melee: Unarmed           |    90 |   113 ||   203
 Stab: Sleeping          |     1 |     2 ||     3
  Eat: Chunk             |    14 |     9 ||    23
